 Dungeon Crawl Stone Soup version 0.17.1-1-g73c8601 (webtiles) character file.

666 Implojin the Grappler (level 7, -15/66 HPs)
             Began as a Troll Fighter on Apr 9, 2016.
             Was an Initiate of Okawaru.
             Demolished by Implojin's ghost (26 damage)
             ... on level 7 of the Dungeon.
             The game lasted 00:07:59 (1475 turns).

Implojin the Grappler (Troll Fighter)               Turns: 1475, Time: 00:07:59

Health: -15/66     AC:  5    Str: 30    XL:     7   Next: 31%
Magic:  15/15      EV:  8    Int:  4    God:    Okawaru [......]
Gold:   19         SH:  9    Dex: 11    Spells: 0 memorised, 6 levels left

rFire  . . .     SeeInvis .       - Unarmed
rCold  . . .     Clarity  .     a - +0 robe
rNeg   . . .     SustAt   .     b - +0 shield
rPois  .         Gourm    +     (helmet restricted)
rElec  .         Spirit   .     (no cloak)
rCorr  .         Warding  .     (gloves unavailable)
rMut   .         Stasis   .     (boots unavailable)
MR     .....                    (no amulet)
Stlth  +.........               (no ring)
                                w - ring of magical power

@: mighty, not resistant to hostile enchantments, very unstealthy
A: unfitting armour, claws 3, fast metabolism 3, gourmand, regeneration 2,
shaggy fur 1, tough skin 2
a: Renounce Religion


You were on level 7 of the Dungeon.
You worshipped Okawaru.
Okawaru was noncommittal.
You were very full.

You visited 1 branch of the dungeon, and saw 8 of its levels.

You collected 19 gold pieces.

Inventory:

Hand Weapons
 u - a +0 flail
 v - a +1 flail of crushing
Missiles
 m - 5 tomahawks (quivered)
Armour
 a - a +0 robe (worn)
 b - a +0 shield (worn)
Jewellery
 w - a ring of magical power (left claw)
Wands
 k - a wand of hasting (4)
 q - a wand of disintegration (10)
 s - a wand of digging (20)
Scrolls
 f - 2 scrolls of identify {unknown}
 g - 3 scrolls of remove curse {unknown}
 o - a scroll of fog {unknown}
 p - a scroll of blinking {unknown}
 t - a scroll of teleportation {unknown}
Potions
 e - a potion of experience {unknown}
 h - a potion of ambrosia {unknown}
 l - 3 potions of berserk rage {unknown}
 x - a potion of brilliance {unknown}
Books
 r - a book of the Tempests

   Spells                             Type                      Level
   a - Static Discharge               Conjuration/Air              3
   b - Lightning Bolt                 Conjuration/Air              5
   c - Fireball                       Conjuration/Fire             5
   d - Tornado                        Air                          9
   e - Shatter                        Earth                        9
Comestibles
 d - 5 bread rations
 i - a meat ration
 j - a slice of pizza
 n - a chunk of flesh


   Skills:
 - Level 2.4 Fighting
 - Level 2.4 Dodging
 - Level 2.4 Shields
 * Level 8.3 Unarmed Combat


You had 6 spell levels left.
You didn't know any spells.

Dungeon Overview and Level Annotations

Branches:
Dungeon (8/15)
 Temple: D:4-7         Lair: D:8-11

Altars:
Fedhas
Okawaru

Annotations:
D:7 Implojin's ghost, novice TrBe


Innate Abilities, Weirdness & Mutations

You are too large for most types of armour.
You have claws for hands.
Your metabolism is lightning-fast.
You like to eat raw meat.
You heal very quickly.
You are covered in fur (AC +1).
You have very tough skin (AC +2).


Message History

You enter the shallow water.
Moving in this stuff is going to be slow.
Things that are here:
5 stones; a gnoll corpse
There is an open door, spattered with blood here.
You see here 7 stones.
You see here a worker ant corpse.
Drink which item? (? for menu, Esc to quit)
You feel very mighty all of a sudden.
Unknown command.
You scratch Implojin's ghost.
Implojin's ghost is lightly damaged.
You block Implojin's ghost's attack.
You barely miss Implojin's ghost.
Implojin's ghost is lightly damaged.
You block Implojin's ghost's attack.
You claw Implojin's ghost!
Implojin's ghost is moderately damaged.
Implojin's ghost hits you!
You closely miss Implojin's ghost.
Implojin's ghost is moderately damaged.
You block Implojin's ghost's attack.
Your shield prevents you from hitting Implojin's ghost.
Implojin's ghost is moderately damaged.
Implojin's ghost hits you!
* * * LOW HITPOINT WARNING * * *
You mangle Implojin's ghost!!
Implojin's ghost is heavily damaged.
Implojin's ghost hits you but does no damage.
You mangle Implojin's ghost!!
Implojin's ghost is almost destroyed.
Implojin's ghost hits you!!
* * * LOW HITPOINT WARNING * * *
You barely miss Implojin's ghost.
Implojin's ghost is almost destroyed.
Implojin's ghost hits you but does no damage.
Your shield prevents you from hitting Implojin's ghost.
Implojin's ghost is severely damaged.
Implojin's ghost hits you!!
You die...

<..# ##. ...# #. #..#### #######
##. #..##.# #.....### #.# ##....#
### #....<..####.#
......#######.#### #.....W...#.†#
.................###.........†>##
...............................#
.......#####..#.@W.............##
.......# #..#########..........#
..(...## #..# #..........#
.......####..# ##.........#
.........#..## ##........#
......##....# ##### ##......##
.....####..†## #...## #......#.#
.....# ###..###....##.#########.
##..## ##...........# ##>## ##


You could see Implojin's ghost.

Vanquished Creatures
  Menkaure (D:5)
  The ghost of adamhnan the Magician, an amateur OpFE (D:3)
  2 giant frogs (D:7)
  An orc wizard (D:3)
  A giant frog skeleton (D:7)
  4 worker ants
  An iguana (D:7)
  A killer bee zombie (D:7)
  6 gnolls (D:7)
  An adder (D:4)
  2 adder skeletons
  An adder zombie (D:5)
  A worm (D:2)
  2 giant geckos
  5 orcs
  5 giant cockroaches
  5 hobgoblins
  2 jackals (D:1)
  6 kobolds
  3 quokkas
  A bat (D:2)
  2 giant newts
  9 goblins
  A jackal skeleton (D:5)
  5 rats
69 creatures vanquished.

Notes
Turn   | Place    | Note
--------------------------------------------------------------
     0 | D:1      | Implojin the Troll Fighter began the quest for the Orb.
     0 | D:1      | Reached XP level 1. HP: 22/22 MP: 0/0
   151 | D:2      | Reached XP level 2. HP: 29/29 MP: 1/1
   160 | D:2      | Reached skill level 3 in Unarmed Combat
   351 | D:2      | Reached XP level 3. HP: 36/36 MP: 2/2
   478 | D:3      | Noticed adamhnan's ghost (amateur OpFE)
   497 | D:3      | Killed adamhnan's ghost
   497 | D:3      | Reached skill level 4 in Unarmed Combat
   497 | D:3      | Reached XP level 4. HP: 13/44 MP: 3/3
   528 | D:3      | Reached skill level 5 in Unarmed Combat
   531 | D:3      | Reached XP level 5. HP: 36/50 MP: 4/4
   667 | D:5      | Entered Level 5 of the Dungeon
   698 | D:5      | Noticed Menkaure
   717 | D:5      | Killed Menkaure
   717 | D:5      | Reached skill level 6 in Unarmed Combat
   717 | D:5      | Reached XP level 6. HP: 22/59 MP: 5/5
  1023 | D:7      | Reached skill level 7 in Unarmed Combat
  1115 | D:7      | Reached XP level 7. HP: 43/66 MP: 6/6
  1205 | D:7      | Found a blossoming altar of Fedhas.
  1215 | D:7      | Noticed Implojin's ghost (novice TrBe)
  1306 | D:6      | Reached skill level 8 in Unarmed Combat
  1388 | D:7      | Found an iron altar of Okawaru.
  1408 | D:7      | Became a worshipper of Warmaster Okawaru
  1475 | D:7      | Demolished by Implojin's ghost

Action                   |  1- 3 |  4- 6 |  7- 9 || total
-------------------------+-------+-------+-------++-------
Melee: Unarmed           |    89 |    89 |    59 ||   237
  Use: Potion            |     1 |       |     1 ||     2
 Stab: Sleeping          |       |     2 |       ||     2
  Eat: Chunk             |     6 |    10 |     2 ||    18

Table legend:
 A = Turns spent in this place as a percentage of turns spent in the entire game.
 B = Non-inter-level travel turns spent in this place as a percentage of non-inter-level travel turns spent in the entire game.
 C = Inter-level travel turns spent in this place as a percentage of turns spent in this place.
 D = Turns resting spent in this place as a percentage of non-inter-level travel turns spent in this place.
 E = Turns spent auto-exploring this place as a percentage of non-inter-level travel turns spent in this place.
 F = Non-inter-level travel turns spent in this place divided by the number of levels of this place that you've seen.
                   A       B       C       D       E      F
               +-------+-------+-------+-------+-------+----------------------
         Total | 100.0 | 100.0 |   0.0 |   0.0 |   0.0 | 180.8
       Dungeon | 100.0 | 100.0 |   0.0 |   0.0 |   0.0 | 180.8
               +-------+-------+-------+-------+-------+----------------------

Table legend:
 A = Kills in this place as a percentage of kills in entire the game.
 B = Kills by you in this place as a percentage of kills by you in the entire game.
 C = Kills by friends in this place as a percentage of kills by friends in the entire game.
 D = Other kills in this place as a percentage of other kills in the entire game.
 E = Experience gained in this place as a percentage of experience gained in the entire game.
 F = Experience gained in this place divided by the number of levels of this place that you have seen.
                   A       B       C       D       E      F
               +-------+-------+-------+-------+-------+----------------------
         Total | 100.0 | 100.0 |  -nan |  -nan | 100.0 | 119.0
       Dungeon | 100.0 | 100.0 |  -nan |  -nan | 100.0 | 119.0
               +-------+-------+-------+-------+-------+----------------------
